 Dungeon Crawl Stone Soup version 0.19-a0-742-g4563caa (webtiles) character file.

876 4thArraOfDagon the Covert (level 7, -1/32 HPs)
             Began as a Spriggan Artificer on June 23, 2016.
             Killed by divine providence
             ... invoked by an orc priest
              (16 damage)
             ... on level 4 of the Dungeon.
             The game lasted 00:07:43 (1198 turns).

4thArraOfDagon the Covert (Spriggan Artificer)      Turns: 1198, Time: 00:07:44

Health: -1/32      AC:  2    Str:  8    XL:     7   Next: 74%
Magic:  11/11      EV: 18    Int: 13    God:
Gold:   191        SH:  0    Dex: 18    Spells: 0 memorised, 6 levels left

rFire  . . .     SeeInvis +     o - +10 quarterstaff of Objectivity {venom, rPois rC++}
rCold  + + .     Gourm    .     b - +0 robe
rNeg   . . .     Faith    .     (shield currently unavailable)
rPois  +         Spirit   .     (helmet restricted)
rElec  .         Dismiss  .     (no cloak)
rCorr  .         Reflect  .     (gloves unavailable)
SustAt .         Harm     .     (boots unavailable)
MR     +....                    (no amulet)
Stlth  +++++.....               (no ring)
                                (no ring)

@: very quick, somewhat resistant to hostile enchantments, quite stealthy
A: unfitting armour, see invisible, herbivore 3, speed 3, slow metabolism 2
a: no special abilities


You were on level 4 of the Dungeon.
You were not hungry.

You visited 1 branch of the dungeon, and saw 7 of its levels.

You collected 191 gold pieces.

Inventory:

Hand Weapons
 a - a +1 short sword
 o - the +10 quarterstaff of Objectivity (weapon) {venom, rPois rC++}
   (You found it on level 5 of the Dungeon)

   It poisons the flesh of those it strikes.
   It greatly protects you from cold.
   It protects you from poison.
Armour
 b - a +0 robe (worn)
Wands
 c - a wand of flame (12/48)
 d - a wand of enslavement (9/24)
 e - a wand of random effects (15/48)
 s - a wand of disintegration (15/24)
Scrolls
 g - 2 scrolls of remove curse
Potions
 h - a potion of haste
 j - a potion of ambrosia
 k - 2 potions of heal wounds {unknown}
 q - a potion of cure mutation {unknown}
Books
 m - a book of Maledictions

   Spells                             Type                      Level
   a - Corona                         Hexes                        1
   b - Ensorcelled Hibernation        Hexes/Ice                    2
   c - Confuse                        Hexes                        3
   d - Tukima's Dance                 Hexes                        3
   e - Dazzling Spray                 Conjuration/Hexes            3
 p - a Grand Grimoire

   Spells                             Type                      Level
   a - Monstrous Menagerie            Summoning                    7
   b - Summon Greater Demon           Summoning                    7
   c - Malign Gateway                 Summoning/Translocation      7
   d - Summon Horrible Things         Summoning                    8
Comestibles
 f - 4 bread rations
 l - a royal jelly


   Skills:
 - Level 0.7 Fighting
 + Level 6.8 Short Blades
 - Level 3.0 Dodging
 * Level 9.8 Stealth
 - Level 4.0 Evocations


You had 6 spell levels left.
You didn't know any spells.

Dungeon Overview and Level Annotations

Branches:
Dungeon (7/15)
 Temple: D:4-7

Altars:
Ashenzari
Cheibriados
Makhleb
Okawaru
Qazlal
Ru
Sif Muna
Xom
Zin
The Shining One

Shops:
D:6 }


Innate Abilities, Weirdness & Mutations

You are tiny and cannot use many weapons and most armour.
You have supernaturally acute eyesight. (SInv)
You are a herbivore.
You cover ground extremely quickly.
You need consume almost no food.


Message History

Evoke which item? (* to show all) (? for menu, Esc to quit)
Zapping:
c - a wand of flame (13/48)
Press: ? - help, Shift-Dir - straight line, f - yak
Aim: a yak (almost dead)
The puff of flame hits the yak.
You kill the yak!
This wand has 12 charges left.
There is an open door here.
There is an open door here.
You now have 191 gold pieces (gained 16).
There is a stone staircase leading up here.
You climb upwards.
You hear the sound of rushing water.
There is an entrance to a sewer on this level.
Hurry and find it before the portal rusts away!
You hear the drain falling apart.
The walls and floor vibrate strangely for a moment.
The orc priest calls down the wrath of Beogh upon you.
Beogh smites you!
Ouch! That really hurt!
You die...

##...##.#
##..o..#.....##
..........o..##
...Wo.........#
..............#
.o........#
..........#
..o.......#
.......@..#
.........##
..#.....##
#######


You could see an orc priest and 3 orcs.

Vanquished Creatures
  2 yaks (D:5)
  An ogre (D:6)
  A centaur (D:7)
  A giant frog (D:6)
  A scorpion (D:4)
  A howler monkey (D:4)
  A giant frog zombie (D:6)
  2 crimson imps
  A quasit (D:6)
  A jelly (D:6)
  A giant frog skeleton (D:4)
  A centaur skeleton (D:5)
  An iguana (D:7)
  A worker ant (D:7)
  3 gnolls (D:6)
  An adder (D:2)
  2 oozes
  A giant gecko (D:5)
  3 orcs
  2 bats
  3 giant cockroaches
  A quokka (D:6)
  2 giant newts
  2 rats
36 creatures vanquished.

Vanquished Creatures (collateral kills)
  A yak (D:5)
1 creature vanquished.

Vanquished Creatures (others)
  A yak (D:5)
1 creature vanquished.

Grand Total: 38 creatures vanquished

Notes
Turn   | Place    | Note
--------------------------------------------------------------
     0 | D:1      | 4thArraOfDagon the Spriggan Artificer began the quest for the Orb.
     0 | D:1      | Reached XP level 1. HP: 9/9 MP: 4/4
    54 | D:1      | Reached skill level 2 in Stealth
    84 | D:2      | Reached XP level 2. HP: 7/14 MP: 6/6
   207 | D:3      | Found a shattered altar of Ashenzari.
   257 | D:4      | Noticed a phantom
   261 | D:5      | Entered Level 5 of the Dungeon
   347 | D:5      | Got a crystal quarterstaff
   348 | D:5      | Identified the +10 quarterstaff of Objectivity {venom, rPois rC++} (You found it on level 5 of the Dungeon)
   374 | D:4      | Noticed a scorpion
   381 | D:4      | Killed a scorpion
   381 | D:4      | Reached skill level 3 in Stealth
   381 | D:4      | Reached XP level 3. HP: 5/17 MP: 7/7
   381 | D:4      | Reached XP level 4. HP: 6/21 MP: 8/8
   383 | D:4      | BLOAX: +10 qstaff
   388 | D:4      | BLOAX: lol rip
   407 | D:5      | BLOAX: train staves and dodging m8
   433 | D:5      | BLOAX: fuck short swords for now
   442 | D:5      | BLOAX: we staves now
   498 | D:5      | BLOAX: you can always swap to sblades when the time is nigh
   519 | D:5      | Found a snail-covered altar of Cheibriados.
   520 | D:5      | Found a glowing golden altar of the Shining One.
   520 | D:5      | Found a glowing silver altar of Zin.
   520 | D:5      | Found a stormy altar of Qazlal.
   522 | D:5      | Found a deep blue altar of Sif Muna.
   523 | D:5      | Found a sacrificial altar of Ru.
   524 | D:5      | Found a shimmering altar of Xom.
   543 | D:5      | BLOAX: i.e. 3*
   558 | D:5      | Reached skill level 4 in Stealth
   563 | D:5      | Found an iron altar of Okawaru.
   565 | D:5      | Found a burning altar of Makhleb.
   671 | D:4      | Reached XP level 5. HP: 18/25 MP: 9/9
   732 | D:4      | Reached skill level 5 in Stealth
   808 | D:5      | Reached skill level 5 in Short Blades
   851 | D:6      | Reached XP level 6. HP: 26/29 MP: 10/10
   886 | D:7      | Reached skill level 6 in Stealth
   916 | D:7      | Reached skill level 7 in Stealth
   979 | D:6      | Found Omaun's Gadget Shop.
   996 | D:6      | Reached XP level 7. HP: 32/32 MP: 11/11
  1004 | D:6      | Reached skill level 8 in Stealth
  1019 | D:7      | BLOAX: mayne where are them stabes
  1070 | D:6      | BLOAX: we require more staging
  1079 | D:5      | Noticed a yak
  1079 | D:5      | Noticed a yak
  1124 | D:5      | Noticed a yak
  1124 | D:5      | Noticed a yak
  1141 | D:5      | Killed a yak
  1141 | D:5      | Reached skill level 9 in Stealth
  1163 | D:5      | Killed a yak
  1170 | D:5      | Killed a yak
  1198 | D:4      | Killed from afar by an orc priest

Vault maps used:
D:1:      dpeg_arrival_tiny_a
D:2:      uniq_sigmund, uniq_crazy_yiuf_cottage, uniq_iyjb
D:3:      overflow_temple_1_default, first_bread
D:4:      portal_sewer_entry_e
D:5:      okawaru_metal_pillars_1_2, minitemple, bloody_makhleb
D:6:      serial_shops, shop_statue
D:7:      serial_shops, shop, uniq_joseph

Skill      XL: |  1  2  3  4  5  6  7 |
---------------+----------------------+-----
Stealth        | 2 3 4 5 7 9 |  9.8
Short Blades   | 2 3 4 5 6 |  6.8
Fighting       | |  0.7
Dodging        | |  3.0
Evocations     | |  4.0

Action                   |  1- 3 |  4- 6 |  7- 9 || total
-------------------------+-------+-------+-------++-------
Melee: Short sword       |    29 |     3 |     2 ||    34
       Quarterstaff      |     2 |    36 |    14 ||    52
Evoke: Wand              |     1 |       |     8 ||     9
  Use: Scroll            |       |     4 |       ||     4
       Potion            |       |     2 |       ||     2
 Stab: Sleeping          |     5 |     5 |     2 ||    12
Armor: Robe              |     8 |     1 |     1 ||    10
Dodge: Dodged            |    45 |    22 |     8 ||    75
